 Dungeon Crawl Stone Soup version 0.22-a0-99-g1ac4c55 (webtiles) character file.

26 travisno the Grasshopper (level 3, 0/28 HPs)
             Began as a Human Warper on Jan 25, 2018.
             Slain by a hobgoblin
             ... wielding a +0 club
              (2 damage)
             ... on level 1 of the Dungeon.
             The game lasted 00:02:47 (585 turns).

travisno the Grasshopper (Human Warper)              Turns: 585, Time: 00:02:48

Health: 0/28       AC:  3    Str: 11 (12) XL:     3   Next: 22%
Magic:  6/6        EV: 11    Int: 11 (13) God:
Gold:   38         SH:  0    Dex: 10 (12) Spells: 6/6 levels left

rFire    . . .     SeeInvis .   a - +0 falchion
rCold    . . .     Gourm    .   (no shield)
rNeg     . . .     Faith    .   b - +0 leather armour
rPois    .         Spirit   .   (no helmet)
rElec    .         Reflect  .   (no cloak)
rCorr    .         Harm     .   (no gloves)
MR       .....                  (no boots)
Stlth    +.........             (no amulet)
HPRegen  0.09/turn              (no ring)
MPRegen  0.10/turn              (no ring)

@: no status effects
A: no striking features
a: no special abilities


You were on level 1 of the Dungeon.
You were not hungry.

You visited 1 branch of the dungeon, and saw 1 of its levels.

You collected 38 gold pieces.

Inventory:

Hand Weapons
 a - a +0 falchion (weapon)
Missiles
 e - 5 tomahawks of dispersal (quivered)
 g - 2 tomahawks
 h - 6 javelins
Armour
 b - a +0 leather armour (worn)
Scrolls
 d - a scroll of blinking
 i - a scroll of identify {unknown}
Books
 c - a book of Spatial Translocations

   Spells                             Type                      Level
   a - Blink                          Translocation                2
   b - Shroud of Golubria             Charms/Translocation         2
   c - Lesser Beckoning               Translocation                3
   d - Gell's Gravitas                Translocation                3
   e - Teleport Other                 Translocation                3
   f - Passage of Golubria            Translocation                4
Comestibles
 f - a ration


   Skills:
 + Level 2.3 Fighting
 + Level 2.5 Long Blades
 + Level 1.0 Throwing
 + Level 1.4 Armour
 + Level 2.0 Dodging
 + Level 2.3 Spellcasting
   Level 3.0 Translocations


You had 6 spell levels left.
You didn't know any spells.

Dungeon Overview and Level Annotations

Branches:
Dungeon (1/15)

Altars:


Message History

The bat closely misses you. The hobgoblin barely misses you.
The bat closely misses you. The bat closely misses you.
The bat barely misses you. x2
The hobgoblin hits you but does no damage.
The bat closely misses you.
You riposte.
You closely miss the bat.
The bat is heavily wounded.
The bat hits you but does no damage. The hobgoblin hits you with a club.
* * * LOW HITPOINT WARNING * * *
You see here a rat corpse.
The bat closely misses you.
You riposte.
You hit the bat.
You kill the bat!
The hobgoblin barely misses you.
You barely miss the hobgoblin.
The hobgoblin is moderately wounded.
The hobgoblin closely misses you.
You barely miss the hobgoblin.
The hobgoblin is moderately wounded.
The hobgoblin hits you with a club.
You die...

#.......# #.......# .
#.......# .### #.......#
##... #.......# ...## ..
#.......#+..... ..
#.......†..# #. #..
######)....#.# . ...
#.g@###.###.. #..
#####...#.....#.#+####..
#.......#######.........
#.......≈≈≈≈≈≈≈.........
#.......#######.........
#.......#.....#.......#.
#.......###.###.......#.
######....#.#..†......##
####.#.#.'.......##


You could see a hobgoblin.

Vanquished Creatures
  2 dart slugs (D:1)
  2 giant cockroaches (D:1)
  A goblin (D:1)
  4 jackals (D:1)
  5 bats (D:1)
  A frilled lizard (D:1)
  2 kobolds (D:1)
  4 rats (D:1)
21 creatures vanquished.

Notes
Turn   | Place    | Note
-------+----------+-------------------------------------------
     0 | D:1      | travisno the Human Warper began the quest for the Orb.
     0 | D:1      | Reached XP level 1. HP: 16/16 MP: 3/3
    26 | D:1      | Reached XP level 2. HP: 2/22 MP: 5/5
   571 | D:1      | Reached XP level 3. HP: 17/27 MP: 6/6
   580 | D:1      | HP: 1/27 [hobgoblin/club (3)]
   585 | D:1      | Slain by a hobgoblin

Vault maps used:
D:1:      ncdulo_watergridlock, grunt_decor_cap, corexii_item_surrounded_by_moat

Action                   || total
-------------------------++-------
Melee: Falchion          ||    43
  Use: Scroll            ||     1
       Potion            ||     1
Armor: Leather armour    ||    32
Dodge: Dodged            ||    94
       Rpst.: Falchion   ||    27

Table legend:
 A = Spawn XP
 B = Non-spawn XP
 C = Spawn XP percentage of total XP
 D = Spawn monster count
 E = Non-spawn monster count
 F = Spawn count percentage of total count
 G = Total turns spent on level
                    A         B        C        D         E        F      G
               +---------+---------+-------+---------+---------+-------+---------
         Total |       0 |      38 |   0.0 |       0 |      21 |   0.0 |   585
               +---------+---------+-------+---------+---------+-------+---------
           D:1 |       0 |      38 |   0.0 |       0 |      21 |   0.0 |   585
               +---------+---------+-------+---------+---------+-------+---------
